 Dungeon Sprint DCSS version 0.30-a0-385-gfebfb9b408 (webtiles) character file.

Game seed: 4477446124272122846

2508 rocky1 the Bludgeoner (level 9, -19/110 HPs)
             Began as an Ogre Monk on Dec 2, 2022.
             Was the Champion of Cheibriados.
             Demolished by a nagaraja
             ... wielding a +0 halberd
              (32 damage)
             ... in the Dungeon (Sprint VII: "The Pits").
             The game lasted 00:03:38 (1374 turns).

rocky1 the Bludgeoner (Ogre Monk)                   Turns: 1374, Time: 00:03:40

Health: -19/110    AC:  4    Str: 34    XL:     9   Next: 53%
Magic:  12/17      EV:  9    Int: 31    God:    Cheibriados [******]
Gold:   0          SH:  0    Dex: 29    Spells: 8/8 levels left

rFire   . . .      SeeInvis .    s - +2 dire flail (vorpal)
rCold   . . .      Faith    .    (shield currently unavailable)
rNeg    . . .      Spirit   .    b - +0 robe
rPois   .          Reflect  .    (helmet restricted)
rElec   .          Harm     .    r - +0 cloak
rCorr   .          Rampage  .    (gloves unavailable)
Will    .....      NoTele   +    (boots unavailable)
Stlth   +++.......               (no amulet)
HPRegen 0.38/turn                q - +3 ring of dexterity
MPRegen 0.15/turn                p - +3 ring of intelligence

@: lethally poisoned (-19 -> -42), constricted, very slow
A: large, unfitting armour, tough skin 1
a: Renounce Religion, Bend Time, Temporal Distortion, Slouch, Step From Time


You were in the Dungeon.
You worshipped Cheibriados.
Cheibriados was exalted by your worship.
You visited 1 branch

Inventory:

Hand Weapons
 s - a +2 vorpal dire flail (weapon)
 t - a +2 vorpal war axe
Armour
 b - a +0 robe (worn)
 r - a +0 cloak (worn)
Jewellery
 p - a +3 ring of intelligence (right hand)
 q - a +3 ring of dexterity (left hand)
Scrolls
 i - a scroll of blinking
 k - 5 scrolls of amnesia
 l - a scroll of summoning
Potions
 c - a potion of ambrosia
 d - 10 potions of curing
 e - 9 potions of heal wounds
 f - a potion of haste
 g - 3 potions of magic
 h - 4 potions of berserk rage
 j - 2 potions of invisibility


   Skills:
 + Level 13.3 Fighting
 * Level 15.1 Maces & Flails
 - Level 2.6 Dodging
 - Level 1.4 Stealth
 + Level 10.7 Invocations


You had 8 spell levels left.
You didn't know any spells.
Your spell library was empty.

Dungeon Overview and Level Annotations

Branches:
Dungeon (1/1)

Altars:
Ashenzari
Cheibriados
Dithmenos
Elyvilon
Fedhas
Gozag
Hepliaklqana
Kikubaaqudgha
Makhleb
Nemelex Xobeh
Okawaru
Qazlal
Ru
Sif Muna
Trog
Uskayaw
Vehumet
Wu Jian
Xom
Yredelemnul
Zin
The Shining One
Jiyva
Lugonu


Innate Abilities, Weirdness & Mutations

You are too large for most types of armour.
You have tough skin. (AC +1)


Message History

Your Maces & Flails skill increases to level 15!
Unknown command.
You barely miss the centaur. The centaur completely misses you.
The centaur misses you.
You barely miss the centaur. The centaur hits you. The centaur misses you.
You impale the centaur!!
You kill the centaur!
Cheibriados thoroughly appreciates the change of pace.
The nagaraja shouts!
The nagaraja spits poison at you. The splash of poison hits you.
You are poisoned.
The nagaraja gestures wildly while chanting.
The nagaraja seems to speed up.
You feel very sick.
The nagaraja hits you with a +0 halberd!
The nagaraja grabs you. The nagaraja constricts you.
The nagaraja hits you with a +0 halberd.
The nagaraja constricts you. The nagaraja casts a spell at you.
The poison arrow hits you!!
You are more poisoned.
The nagaraja constricts you.
You feel much better.
You feel very sick.
The nagaraja hits you with a +0 halberd!
The nagaraja constricts you. The nagaraja spits poison at you.
The splash of poison hits you!!
You are more poisoned.
* * * LOW HITPOINT WARNING * * *
The nagaraja constricts you.
* * * LOW HITPOINT WARNING * * *
Activating: Slouch (1% risk of failure)
Press: ? - help, Dir - look around, f - activate You can feel time thicken for a moment.
* * * LOW HITPOINT WARNING * * *
You feel very sick.
The nagaraja hits you with a +0 halberd!!
You die...

##.......# ##''## #..+
##.......###)...##
...s#
##.......##......#....#
##########......+...S+
###########...†..#....#
....#..[[###...†##
...9# )...#..[.# ##''##
#..+ ....'..))###.)..##
## †...#..))##.....@#
....#..).##.....N#
##################


You could see a nagaraja (fast, catching breath).

Vanquished Creatures
  A merfolk siren (D)
  4 blink frogs (D)
  A flying skull (D)
  A shadow (D)
  A fire bat (D)
  An acid dragon (D)
  Duvessa (D)
  2 floating eyes (D)
  2 ice beasts (D)
  A black bear (D)
  2 centaurs (D)
  Blork the orc (D)
  A scorpion (D)
  A river rat (D)
  An adder zombie (D)
  A worm (D)
  An orc (D)
  An endoplasm (D)
  A giant cockroach (D)
  2 goblins (D)
  A hobgoblin (D)
  3 jackals (D)
  A quokka (D)
  2 rats (D)
34 creatures vanquished.

Notes
Turn   | Place    | Note
-------+----------+-------------------------------------------
     0 | D        | rocky1 the Ogre Monk began the quest for the Orb.
     0 | D        | Reached XP level 1. HP: 24/24 MP: 1/1
    11 | D        | Noticed a floating eye
    19 | D        | Paralysed by a floating eye for 4 turns
    23 | D        | Killed a floating eye
    24 | D        | Reached skill level 8 in Maces & Flails
    24 | D        | Reached XP level 2. HP: 32/32 MP: 2/2
    24 | D        | Reached XP level 3. HP: 39/39 MP: 3/3
    24 | D        | Reached XP level 4. HP: 48/48 MP: 4/4
    27 | D        | Found a bloodstained altar of Trog.
    27 | D        | Found a shimmering blue altar of Sif Muna.
    27 | D        | Found a viscous altar of Jiyva.
    27 | D        | Found a hazy altar of Hepliaklqana.
    27 | D        | Found an opulent altar of Gozag.
    28 | D        | Found a glowing golden altar of the Shining One.
    28 | D        | Found a glowing silver altar of Zin.
    28 | D        | Found a basalt altar of Yredelemnul.
    28 | D        | Found a shimmering altar of Xom.
    28 | D        | Found an ornate altar of the Wu Jian Council.
    28 | D        | Found a sacrificial altar of Ru.
    28 | D        | Found a stormy altar of Qazlal.
    28 | D        | Found an iron altar of Okawaru.
    28 | D        | Found a sparkling altar of Nemelex Xobeh.
    28 | D        | Found a burning altar of Makhleb.
    28 | D        | Found a blossoming altar of Fedhas.
    28 | D        | Found a white marble altar of Elyvilon.
    28 | D        | Found a shadowy altar of Dithmenos.
    28 | D        | Found a snail-covered altar of Cheibriados.
    31 | D        | Found a corrupted altar of Lugonu.
    31 | D        | Found a radiant altar of Vehumet.
    32 | D        | Found an ancient bone altar of Kikubaaqudgha.
    32 | D        | Found a hide-covered altar of Uskayaw.
    32 | D        | Found a broken altar of Ashenzari.
    39 | D        | Became a worshipper of Cheibriados the Contemplative
    39 | D        | Reached * piety under Cheibriados
    39 | D        | Reached ** piety under Cheibriados
   269 | D        | Reached skill level 1 in Invocations
   269 | D        | Reached *** piety under Cheibriados
   285 | D        | Noticed a floating eye
   291 | D        | Killed a floating eye
   292 | D        | Reached skill level 9 in Maces & Flails
   292 | D        | Reached XP level 5. HP: 61/61 MP: 4/7
   293 | D        | Reached **** piety under Cheibriados
   348 | D        | Noticed a centaur
   348 | D        | Noticed an ice beast
   349 | D        | Noticed a flying skull
   352 | D        | Killed a flying skull
   352 | D        | Reached ***** piety under Cheibriados
   353 | D        | Reached skill level 11 in Maces & Flails
   353 | D        | Reached skill level 5 in Invocations
   353 | D        | Reached XP level 6. HP: 72/72 MP: 2/10
   364 | D        | Killed an ice beast
   365 | D        | Reached XP level 7. HP: 28/83 MP: 5/12
   651 | D        | Reached ****** piety under Cheibriados
   652 | D        | Reached skill level 12 in Maces & Flails
   653 | D        | Noticed a fire bat
   653 | D        | Noticed Duvessa
   656 | D        | Killed Duvessa
   657 | D        | Reached skill level 10 in Fighting
   669 | D        | Killed a fire bat
   670 | D        | Reached XP level 8. HP: 7/96 MP: 7/14
   989 | D        | Noticed Blork the orc
   992 | D        | Killed Blork the orc
   993 | D        | Reached skill level 13 in Maces & Flails
  1270 | D        | Noticed a merfolk siren
  1270 | D        | Noticed a blink frog
  1270 | D        | Noticed a blink frog
  1270 | D        | Noticed a blink frog
  1270 | D        | Noticed a blink frog
  1271 | D        | Killed a blink frog
  1271 | D        | Killed a blink frog
  1272 | D        | Killed a blink frog
  1272 | D        | Killed a merfolk siren
  1272 | D        | Killed a blink frog
  1273 | D        | Reached skill level 14 in Maces & Flails
  1273 | D        | Reached skill level 10 in Invocations
  1273 | D        | Reached XP level 9. HP: 110/110 MP: 4/16
  1358 | D        | Noticed a tarantella
  1358 | D        | Noticed a guardian serpent
  1358 | D        | Noticed a molten gargoyle
  1364 | D        | Noticed a nagaraja
  1368 | D        | Reached skill level 15 in Maces & Flails
  1374 | D        | Demolished by a nagaraja

Illustrated notes

Levels and vault maps discovered:
D:        pitsprint [storerooms_1, entrance_room_1, metal_vault_2, armoury_3,
          mini_pit_1, grid_room_1, main_hall_1, silver_pit, the_coven_2,
          the_vestibule_1, steel_vault_3, golden_pit, hallway_of_sentries,
          crystal_vault_5, iron_vault_2, final_vault]

Skill      XL: |  1  2  3  4  5  6  7  8  9 |
---------------+----------------------------+-----
Maces & Flails | 8 9 11 12 14 15 | 15.1
Invocations    | 3 5 6 8 10 | 10.7
Fighting       | 6 8 9 10 13 | 13.3
Dodging        | |  2.6
Stealth        | |  1.4

Action                   |  1- 3 |  4- 6 |  7- 9 || total
-------------------------+-------+-------+-------++-------
Melee: Mace              |     7 |    26 |    18 ||    51
       Punch             |       |     1 |       ||     1
       Dire flail        |       |       |     5 ||     5
Invok: Slouch            |       |     2 |     6 ||     8
  Use: Potion            |       |     2 |     2 ||     4
 Stab: Sleeping          |       |     1 |     3 ||     4
       Distracted        |       |     1 |       ||     1
Armor: Robe              |       |     6 |     3 ||     9
Dodge: Dodged            |       |    11 |     9 ||    20

Table legend: (Time is in decaauts)
 A = Elapsed time spent in this place.
 B = Non-inter-level travel time spent in this place.
 C = Inter-level travel time spent in this place.
 D = Time resting spent in this place.
 E = Time spent auto-exploring this place.
 F = Levels seen in this place.
 G = Mean time per level.
                   A        B        C        D        E       F      G
               +--------+--------+--------+--------+--------+-----+--------+
         Total |   1565 |   1441 |    124 |   1009 |      0 |   1 | 1565.0 |
       Dungeon |   1565 |   1441 |    124 |   1009 |      0 |   1 | 1565.0 |
               +--------+--------+--------+--------+--------+-----+--------+

Top non-repeatable levels by time:
       D: 1565 daAuts
